 Dungeon Crawl Stone Soup version 0.23-a0-488-g5fd82c5 (webtiles) character file.

83 mopl the Covered (level 4, -6/35 HPs)
             Began as a Formicid Wanderer on Dec 1, 2018.
             Killed from afar by an orc wizard (8 damage)
             ... with a puff of flame
             ... on level 3 of the Dungeon.
             The game lasted 00:02:08 (1278 turns).

mopl the Covered (Formicid Wanderer)                Turns: 1278, Time: 00:02:08

Health: -6/35      AC: 12    Str: 19    XL:     4   Next: 71%
Magic:  4/4        EV: 10    Int:  9    God:
Gold:   133        SH:  0    Dex: 11    Spells: 3/3 levels left

rFire    . . .     SeeInvis +   a - +2 hand axe (elec)
rCold    . . .     Gourm    .   (no shield)
rNeg     . . .     Faith    .   j - +2 scale mail
rPois    .         Spirit   .   (helmet unavailable)
rElec    .         Reflect  .   k - +0 cloak
rCorr    .         Harm     .   (no gloves)
MR       .....                  (no boots)
Stlth    ..........             (no amulet)
HPRegen  0.11/turn              h - +2 ring of protection
MPRegen  0.09/turn              (no ring)

@: no status effects
A: permanent stasis, dig shafts and tunnels, four strong arms, antennae 3
a: Dig, Shaft Self


You were on level 3 of the Dungeon.
You were not hungry.

You visited 1 branch of the dungeon, and saw 3 of its levels.

You collected 133 gold pieces.

Inventory:

Hand Weapons
 a - a +2 hand axe of electrocution (weapon)
 b - a +0 mace
 p - a +0 battleaxe
Missiles
 l - 9 poisoned needles
Armour
 j - a +2 scale mail (worn)
 k - a +0 cloak (worn)
Jewellery
 h - a +2 ring of protection (left hand)
Scrolls
 f - 3 scrolls of identify {unknown}
 i - a scroll of amnesia {unknown}
 m - a scroll of enchant weapon {unknown}
 r - a scroll of remove curse {unknown}
Potions
 c - 2 potions of lignification {!q}
 e - 2 potions of agility {unknown}
 g - a potion of haste {unknown}
 n - 2 potions of heal wounds {unknown}
 o - a potion of degeneration {unknown}
Comestibles
 d - a ration


   Skills:
 + Level 3.0 Fighting
 * Level 1.8(2.0) Axes
 - Level 1.0(1.5) Maces & Flails
 + Level 5.9 Armour
 + Level 1.4 Dodging
 - Level 1.2 Stealth
   Level 1.1 Evocations


You had 3 spell levels left.
You didn't know any spells.
Your spell library was empty.

Dungeon Overview and Level Annotations

Branches:
Dungeon (3/15)

Altars:
Vehumet
The Shining One


Innate Abilities, Weirdness & Mutations

You cannot be hasted, slowed, berserked, paralysed or teleported.
You can dig through walls and to a lower floor.
Your four strong arms can wield two-handed weapons with a shield.
You have a pair of large antennae on your head. (SInv)


Message History

You are electrocuted!
The orc hits you but does no damage.
You closely miss the orc wizard. You hit the orc.
The orc wizard barely misses you.
The orc wizard casts a spell.
The orc wizard seems to speed up.
A goblin comes into view.
The orc hits you but does no damage. The bat hits you.
Unknown command.
You closely miss the orc.
The orc is heavily wounded.
You closely miss the orc wizard. You completely miss the bat.
The bat hits you but does no damage.
The orc wizard hits you but does no damage.
You are electrocuted!
Ouch! That really hurt!
* * * LOW HITPOINT WARNING * * *
The orc completely misses you.
The orc wizard gestures at you while chanting.
The puff of flame hits you!
You die...

#.. . #g# ..
..# ... #..
....###.#####
............#
.....b..o...#
......o@....#
.......o....#
....#########
... #


You could see 2 orc wizards, an orc, a goblin and a bat.

Vanquished Creatures
  3 adders (D:2)
  An ooze (D:2)
  2 worms (D:2)
  2 dart slugs (D:1)
  A leopard gecko (D:1)
  4 bats
  3 giant cockroaches
  3 goblins
  3 hobgoblins (D:2)
  6 jackals
  4 kobolds
  A ball python (D:2)
  4 frilled lizards (D:2)
  5 rats
42 creatures vanquished.

Notes
Turn   | Place    | Note
-------+----------+-------------------------------------------
     0 | D:1      | mopl the Formicid Wanderer began the quest for the Orb.
     0 | D:1      | mopl set off with the following items: a +2 scale mail, a
                  | +0 mace, a potion of lignification {!q}, a ration
     0 | D:1      | Reached XP level 1. HP: 16/16 MP: 1/1
   244 | D:1      | Reached XP level 2. HP: 23/23 MP: 2/2
   321 | D:1      | Reached skill level 1 in Dodging
   321 | D:1      | Reached XP level 3. HP: 25/28 MP: 3/3
   727 | D:2      | Reached skill level 1 in Axes
   832 | D:2      | Found a radiant altar of Vehumet.
   839 | D:2      | Reached XP level 4. HP: 31/34 MP: 4/4
   940 | D:2      | Found a glowing golden altar of the Shining One.
  1020 | D:2      | Reached skill level 3 in Fighting
  1278 | D:3      | Killed from afar by an orc wizard

Vault maps used:
D:1:      sevenhm_arrival_forest_fort_large_2
D:2:      lemuel_round_altar, lemuel_doored_altar
D:3:      nicolae_dithmenos_shadow_blocks, gammafunk_ghost_smash, uniq_sigmund

Skill      XL: |  1  2  3  4 |
---------------+-------------+-----
Dodging        | 1 |  1.4
Axes           | 1 |  1.8
Fighting       | 3 |  3.0
Maces & Flails | |  1.0
Armour         | |  5.9
Stealth        | |  1.2
Evocations     | |  1.1

Action                   |  1- 3 |  4- 6 || total
-------------------------+-------+-------++-------
Melee: Mace              |    27 |       ||    27
       Hand axe          |    47 |    34 ||    81
 Abil: Dig               |     1 |       ||     1
  Eat: Chunk             |       |     1 ||     1
Armor: Scale mail        |    41 |    29 ||    70
Dodge: Dodged            |    44 |    25 ||    69

Table legend:
 A = Non-vault XP
 B = Vault XP
 C = Vault XP percentage of total XP
 D = Non-vault monster count
 E = Vault monster count
 F = Vault count percentage of total count
                 A         B        C        D         E       F
            +---------+---------+-------+---------+---------+-------
      Total |     119 |       0 |   0.0 |      42 |       0 |   0.0
            +---------+---------+-------+---------+---------+-------
        D:1 |      35 |       0 |   0.0 |      18 |       0 |   0.0
        D:2 |      84 |       0 |   0.0 |      24 |       0 |   0.0
            +---------+---------+-------+---------+---------+-------
